Description

Terran VS Zerg - Bio

VOD

https://www.youtube.com/watch?v=k0OexgAQ3vc

Replay - Beastyqt Bio TvZ Guide

Build Order

Get SALT Encoding   

  12  0:02  SCV  
  13  0:14  SCV  
  14  0:17  Supply Depot  
  14  0:26  SCV  
  15  0:38  SCV  
  15  0:41  Barracks  
  16  0:46  Refinery  
  16  0:51  SCV  
  17  1:03  SCV  
  18  1:15  SCV  
  19  1:28  Reaper, Orbital Command  
  20  1:41  Command Center  
  20  1:51  Supply Depot  
  20  1:53  SCV  
  21  2:00  Marine  
  22  2:05  SCV  
  23  2:13  Factory  
  23  2:17  SCV  
  24  2:23  Barracks Reactor  
  25  2:40  Command Center  
  26  2:52  Orbital Command  
  27  3:00  Refinery  
  27  3:04  Hellion x2  
  32  3:16  Starport  
  33  3:26  Barracks Tech Lab  
  34  3:31  Hellion x2  
  42  3:52  Hellion x2  
  45  3:56  Orbital Command  
  45  3:59  Banshee  
  51  4:13  Barracks Tech Lab  
  51  4:16  Supply Depot  
  54  4:24  Barracks x2  
  54  4:30  Factory Reactor  
  56  4:31  Marine  
  56  4:32  Stimpack  
  58  4:42  Viking  
  61  4:46  Orbital Command  
  61  4:47  Refinery x2, Supply Depot  
  61  4:51  Marine  
  64  5:00  Engineering Bay x2  
  66  5:09  Marine  
  66  5:10  Supply Depot  
  69  5:18  Marine x2  
  72  5:21  Siege Tank  
  72  5:24  Starport Reactor  
  77  5:31  Marine  
  77  5:33  Terran Infantry Weapons Level 1  
  77  5:35  Terran Infantry Armor Level 1  
  79  5:41  Marine x3  
  85  5:54  Siege Tank  
  92  6:05  Medivac x2  
  103  6:21  Barracks x2  
  109  6:28  Siege Tank  
  114  6:33  Armory  
  120  6:48  Refinery x2  
  120  6:52  Factory  
  120  6:53  Medivac x2  
  128  7:01  Combat Shield  
  131  7:09  Siege Tank  
  131  7:11  Barracks Reactor x2  
  138  7:28  Terran Vehicle Weapons Level 1  
  142  7:37  Command Center  
  143  7:51  Factory Tech Lab  
  150  7:53  Siege Tank  
  157  8:29  Barracks x2  
  157  8:35  Barracks  
Spawning Tool Build Advisor. Get it on Overwolf

Go to:

Details

  • Created by: raven919
  • Published on: Nov 23, 2018
  • Modified on: Nov 23, 2018
  • Patch: 4.7.1
Show
View Real Time Build Order
Export as new Build Order

Comments (0)

There are no comments. Be the first!

Create an account to comment!